 Dungeon Crawl Stone Soup version 0.27-a0-1200-g94dc6ad4cf (webtiles) character file.

Game seed: 16834327473043064403

75 polve the Chopper (level 4, -9/33 HPs)
             Began as a Demonspawn Gladiator on May 30, 2021.
             Killed by divine providence
             ... invoked by an orc priest
              (13 damage)
             ... on level 3 of the Dungeon.
             The game lasted 00:02:08 (2323 turns).

polve the Chopper (Demonspawn Gladiator)            Turns: 2323, Time: 00:02:09

Health: -9/33      AC: 13    Str: 16    XL:     4   Next: 11%
Magic:  4/4        EV:  5    Int:  9    God:
Gold:   143        SH:  0    Dex: 14    Spells: 3/3 levels left

rFire    . . .     SeeInvis .   a - +0 war axe
rCold    . . .     Faith    .   (no shield)
rNeg     . . .     Spirit   .   j - +1 plate armour
rPois    .         Reflect  .   (helmet restricted)
rElec    .         Harm     .   (no cloak)
rCorr    .         Rampage  .   (no gloves)
Will     .....                  (no boots)
Stlth    ..........             (no amulet)
HPRegen  0.11/turn              (no ring)
MPRegen  0.09/turn              (no ring)

@: no status effects
A: horns 1, yellow scales 1, spiny 1
a: no special abilities


You were on level 3 of the Dungeon.
You visited 1 branch of the dungeon, and saw 3 of its levels.

You collected 143 gold pieces.

Inventory:

Hand Weapons
 a - a +0 war axe (weapon)
Missiles
 d - 3 throwing nets (quivered)
Armour
 j - a +1 plate armour (worn)
Scrolls
 f - 2 scrolls of enchant armour
Potions
 b - a potion of heal wounds {unknown}
 e - a potion of curing


   Skills:
 - Level 2.0 Fighting
 + Level 4.5 Axes
 - Level 1.7 Throwing
 - Level 2.6 Dodging


You had 3 spell levels left.
You didn't know any spells.
Your spell library was empty.

Dungeon Overview and Level Annotations

Branches:
Dungeon (3/15)

Altars:
Qazlal

Shops:
D:2 *   D:3 [

Annotations:
D:3 3 runed translucent doors, semitonal's ghost, amateur BaHu


Innate Abilities, Weirdness & Mutations

You have a pair of small horns on your head.
You are partially covered in yellow scales. (AC +2)
You are partially covered in sharp spines.


Message History

You are too injured to fight recklessly!
You are too injured to fight recklessly!
You are too injured to fight recklessly!
There are monsters nearby!
You are too injured to fight recklessly!
You are too injured to fight recklessly!
You are too injured to fight recklessly!
You hit the orc.
The orc is heavily wounded.
The orc priest looks braver for a moment.
The orc barely misses you.
The orc priest is struck by your spines.
The orc priest hits you but does no damage.
The orc barely misses you.
You hit the orc priest. Your headbutt misses the orc priest.
The orc priest is moderately wounded.
You hit the orc.
You kill the orc!
The orc priest looks braver for a moment.
The orc priest hits you but does no damage.
Your plate armour prevents you from hitting the orc priest.
The orc priest is moderately wounded.
The orc priest begins to cast a cantrip, but forgets the words!
You closely miss the orc priest.
The orc priest is moderately wounded.
The orc priest calls down the wrath of Beogh upon you.
Beogh smites you!
You hit the orc priest but do no damage.
You headbutt the orc priest, but do no damage.
The orc priest is moderately wounded.
The orc priest mumbles some strange prayers to Beogh against you.
Pain shoots through your body!
* * * LOW HITPOINT WARNING * * *
You hit the orc priest but do no damage.
The orc priest is moderately wounded.
The orc priest hits you with a +0 dagger.
* * * LOW HITPOINT WARNING * * *
The orc priest invokes the aid of Beogh against you.
Beogh smites you!
You die...

## #.##8####........#
#.##.##..........#
#.8.∩.8.#........#
#.##<#######..#.##
#...8.# #####.#.###
#.....# #.(.......#
#.....###.........#####
##....o)...........##...
........@...####..####.##
.................>...#.#.
............######...#.#.
#########....# #.....#J
#....# #.....#W ######
#.....#Z
##############.....#.
#............#.....#.
#.##########.#.....##


You could see an orc priest.

Vanquished Creatures
  Robin (D:2)
  An adder (D:3)
  A dart slug (D:2)
  4 orcs (D:3)
  3 bats
  3 endoplasms (D:1)
  2 giant cockroaches
  7 goblins
  4 hobgoblins
  8 ball pythons
  4 frilled lizards
  6 kobolds
  3 rats
47 creatures vanquished.

Notes
Turn   | Place    | Note
-------+----------+-------------------------------------------
     0 | D:1      | polve the Demonspawn Gladiator began the quest for the Orb.
     0 | D:1      | Reached XP level 1. HP: 16/16 MP: 1/1
    66 | D:1      | Reached skill level 3 in Axes
   123 | D:1      | Gained mutation: You are partially covered in sharp spines.
                  | [demonic ancestry]
   123 | D:1      | Reached XP level 2. HP: 21/22 MP: 2/2
   501 | D:1      | Found a faded altar of an unknown god.
  1008 | D:2      | Found Zetesiem's Assorted Antiques.
  1126 | D:2      | Noticed Robin
  1133 | D:2      | Gained mutation: You are partially covered in yellow
                  | scales. (AC +2) [demonic ancestry]
  1133 | D:2      | Reached XP level 3. HP: 24/27 MP: 3/3
  1142 | D:2      | Killed Robin
  1143 | D:2      | Reached skill level 4 in Axes
  1514 | D:3      | Noticed semitonal's ghost (amateur BaHu)
  1521 | D:3      | Found a runed translucent gate.
  1521 | D:3      | Found a runed translucent gate.
  1523 | D:3      | Found a runed translucent gate.
  1941 | D:3      | Gained mutation: You have a pair of small horns on your
                  | head. [demonic ancestry]
  1941 | D:3      | Reached XP level 4. HP: 29/33 MP: 4/4
  2118 | D:3      | Found Plog's Armour Shop.
  2185 | D:3      | Found a stormy altar of Qazlal.
  2323 | D:3      | Killed from afar by an orc priest

Illustrated notes

Levels and vault maps discovered:
D:1:      amcnicky_arrival_double_pillar, layout_rooms,
          shapermc_ecumenical_altar_starsandcircs
D:2:      layout_basic, serial_shops, nicolae_shop_overgrown_old_shop,
          kennysheep_nondescript, minivault_11, uniq_robin
D:3:      layout_basic, grunt_temple_overflow_lords_of_destruction,
          nicolae_qazlal_scattered_showers, nicolae_gozag_seed_capital,
          serial_shops, nicolae_shop_statue_plus, gammafunk_ghost_split,
          grunt_ministairs_2

Skill      XL: |  1  2  3 |
---------------+----------+-----
Axes           | 3 4 |  4.5
Fighting       | |  2.0
Throwing       | |  1.7
Dodging        | |  2.6

Action                   |  1- 3 |  4- 6 || total
-------------------------+-------+-------++-------
Melee: War axe           |    79 |    12 ||    91
       Headbutt          |       |     3 ||     3
  Use: Scroll            |       |     4 ||     4
 Stab: Sleeping          |     1 |       ||     1
Armor: Leather armour    |    31 |     1 ||    32
       Plate armour      |       |     3 ||     3
Dodge: Dodged            |    58 |     4 ||    62

Table legend: (Time is in decaauts)
 A = Elapsed time spent in this place.
 B = Non-inter-level travel time spent in this place.
 C = Inter-level travel time spent in this place.
 D = Time resting spent in this place.
 E = Time spent auto-exploring this place.
 F = Levels seen in this place.
 G = Mean time per level.
                   A        B        C        D        E       F      G
               +--------+--------+--------+--------+--------+-----+--------+
         Total |   2350 |   2327 |     23 |      0 |   2040 |   3 |  783.3 |
       Dungeon |   2350 |   2327 |     23 |      0 |   2040 |   3 |  783.3 |
               +--------+--------+--------+--------+--------+-----+--------+

Top non-repeatable levels by time:
     D:2: 924 daAuts
     D:3: 839 daAuts
     D:1: 586 daAuts
